Map: Frost LE

Players

TheMagician - Winner!

  • Race: Protoss Protoss
  • League: Diamond

조민달

  • Race: Zerg Zerg
  • League: Diamond

VOD

Have the link to the VOD?

Description

Time

  • Played on: Oct. 16, 2016, 4:39 p.m.
  • Length: 19:09
Show
View Real Time Build Order
Export as new Build Order

TheMagician Protoss - Winner!

Build Orders: Nexus First 

Get SALT Encoding   

  12  0:01  Probe (Chrono Boost)  
  13  0:11  Probe (Chrono Boost)  
  14  0:24  Pylon  
  14  0:29  Probe (Chrono Boost)  
  16  0:42  Probe (Chrono Boost)  
  16  0:53  Probe (Chrono Boost)  
  17  1:04  Nexus  
  17  1:06  Probe (Chrono Boost)  
  18  1:17  Gateway  
  18  1:20  Probe (Chrono Boost)  
  19  1:25  Assimilator  
  19  1:32  Assimilator  
  19  1:34  Probe (Chrono Boost)  
  20  1:48  Pylon  
  20  1:50  Probe (Chrono Boost)  
  21  2:01  Probe (Chrono Boost)  
  22  2:11  Probe (Chrono Boost)  
  22  2:12  Cybernetics Core  
  23  2:19  Gateway  
  23  2:22  Probe (Chrono Boost)  
  24  2:40  Pylon  
  24  2:42  Probe x2 (Chrono Boost)  
  26  2:49  Adept  
  28  2:51  Warp Gate  
  28  2:53  Probe x2 (Chrono Boost)  
  30  3:03  Probe x2 (Chrono Boost)  
  32  3:08  Adept  
  34  3:13  Assimilator  
  34  3:14  Mothership Core (Chrono Boost)  
  34  3:17  Assimilator  
  37  3:20  Probe (Chrono Boost)  
  37  3:30  Probe (Chrono Boost), Adept  
  37  3:32  Probe (Chrono Boost)  
  41  3:35  Adept  
  41  3:41  Probe (Chrono Boost)  
  44  3:51  Probe (Chrono Boost)  
  44  3:54  Probe (Chrono Boost)  
  46  3:57  Adept  
  46  4:02  Probe (Chrono Boost), Adept  
  51  4:04  Probe (Chrono Boost)  
  51  4:08  Pylon  
  52  4:12  Pylon  
  54  4:17  Probe x2 (Chrono Boost)  
  54  4:27  Probe x2 (Chrono Boost)  
  54  4:29  Forge  
  54  5:03  Photon Cannon  
  54  5:06  Photon Cannon  
  54  5:12  Probe (Chrono Boost)  
  53  5:15  Photon Cannon  
  53  5:17  Photon Cannon  
  53  5:21  Photon Cannon  
  51  5:23  Probe (Chrono Boost)  
  51  5:26  Probe (Chrono Boost)  
  47  5:35  Pylon  
  45  5:36  Probe (Chrono Boost)  
  46  5:42  Pylon  
  46  5:44  Probe (Chrono Boost)  
  47  5:52  Pylon  
  47  5:55  Probe (Chrono Boost)  
  47  5:56  Pylon  
  49  5:59  Adept x2  
  52  6:06  Probe (Chrono Boost)  
  52  6:10  Stargate  
  53  6:11  Stargate  
  53  6:14  Stargate  
  53  6:18  Stargate  
  53  6:22  Photon Cannon  
  53  6:24  Photon Cannon  
  53  6:26  Adept x2  
  53  6:32  Photon Cannon  
  57  6:34  Photon Cannon  
  57  6:38  Pylon  
  57  6:41  Pylon  
  57  6:44  Pylon  
  57  6:45  Photon Cannon  
  57  6:48  Photon Cannon  
  55  7:06  Oracle x4  
  63  7:23  Pylon  
  63  7:41  Oracle x2  
  63  7:42  Oracle x2  
  75  7:45  Pylon  
  75  7:48  Pylon  
  75  7:59  Pylon  
  75  8:00  Pylon  
  75  8:01  Pylon  
  70  8:17  Oracle x3  
  74  8:39  Pylon  
  80  8:58  Void Ray x2  
  80  8:59  Void Ray x2  
  87  9:16  Photon Cannon  
  85  9:26  Nexus  
  79  10:04  Void Ray x2  
  81  10:16  Void Ray  
  85  10:25  Probe (Chrono Boost)  
  86  10:31  Gateway  
  86  10:34  Pylon  
  86  10:36  Probe (Chrono Boost)  
  87  10:43  Assimilator  
  87  10:48  Assimilator  
  83  10:54  Probe (Chrono Boost)  
  81  11:05  Probe (Chrono Boost)  
  81  11:09  Oracle x2  
  85  11:25  Photon Cannon  
  85  11:27  Photon Cannon  
  85  11:36  Photon Cannon  
  85  11:37  Pylon  
  69  12:32  Nexus  
  69  12:38  Forge  
  69  12:42  Oracle  
  69  13:10  Oracle x3  
  78  13:15  Probe (Chrono Boost)  
  79  13:26  Probe (Chrono Boost)  
  80  13:36  Probe (Chrono Boost)  
  80  13:41  Oracle  
  55  14:19  Nexus  
  55  14:20  Pylon  
  56  14:31  Probe (Chrono Boost)  
  56  14:37  Probe (Chrono Boost)  
  57  14:42  Probe (Chrono Boost)  
  58  14:52  Probe (Chrono Boost)  
  59  14:54  Void Ray  
  63  15:03  Probe (Chrono Boost)  
  64  15:13  Probe (Chrono Boost)  
  65  15:23  Photon Cannon  
  65  15:24  Photon Cannon  
  65  15:26  Photon Cannon  
  65  15:36  Probe (Chrono Boost)  
  65  15:39  Probe (Chrono Boost)  
  67  15:46  Probe (Chrono Boost)  
  68  15:50  Probe (Chrono Boost)  
  69  15:57  Probe (Chrono Boost)  
  69  15:59  Oracle x3  
  69  16:00  Probe (Chrono Boost)  
  80  16:11  Pylon  
  80  16:13  Probe (Chrono Boost), Photon Cannon  
  81  16:23  Probe (Chrono Boost)  
  82  16:33  Oracle  
  82  16:34  Probe (Chrono Boost)  
  82  16:35  Oracle x3  
  71  17:09  Oracle  
  71  17:10  Oracle x2  
  71  17:11  Oracle  
  71  17:14  Pylon  
  83  17:16  Pylon  
  83  17:17  Probe (Chrono Boost)  
  83  17:18  Pylon  
  83  17:19  Photon Cannon  
  83  17:20  Pylon  
  84  17:23  Pylon  
  84  17:27  Probe (Chrono Boost), Assimilator  
  85  17:31  Gateway  
  85  17:45  Oracle  
  88  18:16  Void Ray x3  
  100  18:21  Void Ray  
Show
View Real Time Build Order
Export as new Build Order

조민달 Zerg 

Build Orders: Hatch First 

Get SALT Encoding   

  12  0:00  Drone  
  13  0:12  Overlord  
  13  0:18  Drone  
  14  0:31  Drone x2  
  16  0:37  Drone  
  17  0:54  Hatchery  
  17  0:56  Drone  
  17  1:00  Drone  
  18  1:11  Extractor  
  17  1:15  Spawning Pool  
  17  1:18  Drone  
  17  1:22  Drone  
  18  1:28  Drone  
  19  1:48  Drone  
  20  1:59  Hatchery  
  19  2:03  Queen  
  21  2:10  Queen  
  21  2:13  Drone  
  24  2:21  Metabolic Boost  
  24  2:23  Zergling x2  
  24  2:28  Drone  
  26  2:30  Drone  
  27  2:37  Overlord  
  27  2:40  Drone  
  28  2:54  Pneumatized Carapace  
  28  3:00  Overlord  
  28  3:03  Drone  
  28  3:04  Drone  
  30  3:09  Queen  
  30  3:12  Drone x2  
  34  3:13  Drone  
  34  3:17  Drone  
  34  3:19  Drone  
  37  3:24  Evolution Chamber  
  37  3:27  Drone  
  37  3:28  Drone  
  37  3:30  Zergling x2  
  37  3:33  Zergling x2  
  40  3:35  Zergling x2  
  41  3:46  Drone x4  
  41  3:47  Drone  
  46  3:52  Queen  
  48  3:59  Zergling x4  
  50  4:09  Overlord x2  
  50  4:13  Lair  
  50  4:14  Roach Warren  
  50  4:16  Overlord  
  49  4:24  Zergling x2  
  49  4:26  Overlord  
  49  4:27  Zergling x6  
  53  4:34  Spine Crawler  
  51  4:58  Roach  
  51  4:59  Roach x7  
  61  5:29  Glial Reconstitution  
  61  5:37  Extractor, Zergling x2  
  61  5:38  Zergling x26  
  61  5:42  Extractor  
  73  5:45  Extractor x2  
  71  5:50  Drone x3  
  74  6:06  Hatchery, Zerg Missile Weapons Level 1  
  71  6:35  Roach x5  
  71  6:36  Overlord  
  71  6:37  Overlord  
  80  7:03  Roach x9  
  80  7:04  Overlord  
  94  7:20  Ravager x3  
  94  7:21  Zergling x8  
  101  7:33  Drone x2  
  101  7:34  Drone x8  
  101  7:35  Overlord  
  100  8:00  Roach  
  100  8:01  Roach x9  
  116  8:18  Spore Crawler  
  116  8:19  Spore Crawler x2  
  99  8:21  Spore Crawler  
  99  8:22  Spore Crawler  
  99  8:23  Spore Crawler  
  80  8:33  Spore Crawler  
  80  8:34  Spore Crawler x2  
  65  8:35  Spore Crawler  
  65  8:37  Queen x2  
  65  8:38  Hydralisk Den  
  64  8:55  Queen x2  
  68  9:08  Hydralisk  
  68  9:09  Hydralisk x2  
  74  9:10  Hydralisk  
  75  9:21  Burrow  
  75  9:31  Tunneling Claws  
  75  9:32  Muscular Augments  
  75  9:37  Drone  
  75  9:38  Drone x3  
  69  9:59  Hydralisk x2  
  63  10:00  Hydralisk  
  69  10:15  Drone  
  69  10:16  Drone x5  
  75  10:21  Hydralisk  
  77  10:37  Hydralisk  
  77  10:38  Hydralisk x2  
  83  10:54  Hydralisk  
  83  10:55  Hydralisk x2  
  81  11:13  Drone  
  81  11:14  Drone x6  
  88  11:31  Hydralisk x3  
  94  11:33  Hydralisk  
  96  11:46  Hydralisk  
  96  11:51  Roach x5  
  74  12:25  Hydralisk x3  
  74  12:26  Hydralisk x8  
  74  12:27  Hydralisk x4  
  74  12:29  Roach x2  
  96  12:46  Spore Crawler x3  
  91  13:07  Drone  
  91  13:08  Drone x8  
  100  13:24  Hydralisk  
  100  13:25  Hydralisk x2  
  100  13:26  Roach x4  
  106  13:39  Spore Crawler  
  63  14:13  Hydralisk x4  
  63  14:14  Hydralisk x5  
  73  14:27  Hydralisk x2  
  73  14:28  Hydralisk  
  79  14:33  Zerg Ground Armor Level 1  
  79  14:44  Drone x2  
  79  14:45  Drone  
  82  14:51  Hydralisk x2  
  82  14:52  Hydralisk x2  
  90  15:01  Hydralisk x2  
  94  15:34  Hatchery  
  93  15:43  Hydralisk  
  93  15:44  Hydralisk x2  
  98  16:31  Hatchery  
  91  17:10  Hatchery  
  90  17:35  Hydralisk x11  
  90  17:50  Overseer x3  
  50  18:14  Hydralisk  
  50  18:15  Hydralisk x10  
  50  18:16  Hydralisk  
  74  18:26  Extractor  
  73  18:30  Infestation Pit  
  72  18:34  Hydralisk  
  72  18:35  Hydralisk  
  77  18:41  Drone x2  
Tags
 
Add a new tag
Caveats
  • Supply blocks, unpowered buildings, or Contaminate may cause inaccurate times.
  • Supply counts are checked every 10 seconds.